 Dungeon Crawl Stone Soup version 0.20-b1-14-g8425815 (webtiles) character file.

109 juanjsm the Sneak (level 4, 0/22 HPs)
             Began as a Spriggan Enchanter on May 23, 2017.
             Slain by Robin
             ... wielding a +0 falchion
              (5 damage)
             ... on level 3 of the Dungeon.
             The game lasted 00:08:59 (1743 turns).

juanjsm the Sneak (Spriggan Enchanter)              Turns: 1743, Time: 00:09:02

Health: 0/22       AC:  3    Str:  4    XL:     4   Next: 59%
Magic:  4/18       EV: 19    Int: 17    God:
Gold:   192        SH:  0    Dex: 16    Spells: 3/9 levels left

rFire    x . .     SeeInvis +   a - +1 dagger
rCold    + . .     Gourm    .   (shield restricted)
rNeg     . . .     Faith    .   b - +0 robe
rPois    .         Spirit   .   (helmet restricted)
rElec    .         Reflect  .   m - +0 cloak
rCorr    .         Harm     .   (gloves unavailable)
MR       .....                  (boots unavailable)
Stlth    +++.......             u - amulet of rage
Regen    0.1/turn               i - ring of ice
MPRegen  0.2/turn               t - ring of magical power

@: flying, very slightly contaminated, very quick
A: unfitting armour, see invisible, herbivore 3, speed 3, slow metabolism 2
a: Evoke Berserk Rage


You were on level 3 of the Dungeon.
You were hungry.

You visited 1 branch of the dungeon, and saw 3 of its levels.

You collected 192 gold pieces.

Inventory:

Hand Weapons
 a - a +1 dagger (weapon)
Missiles
 q - 5 curare-tipped needles
Armour
 b - a +0 robe (worn)
 m - a +0 cloak (worn)
Jewellery
 i - a ring of ice (left hand)
 k - a +3 amulet of reflection {unknown}
 t - a ring of magical power (right hand)
 u - an amulet of rage (around neck)
Scrolls
 j - a scroll of teleportation {unknown}
 l - a scroll of recharging {unknown}
 r - a scroll of remove curse
 s - a scroll of fog {unknown}
Potions
 e - a potion of agility {unknown}
 h - 2 potions of flight
 n - a potion of haste {unknown}
 o - 2 potions of heal wounds {unknown}
 p - a potion of degeneration {unknown}
Books
 c - a book of Maledictions

   Spells                             Type                      Level
   a - Corona                         Hexes                        1
   b - Ensorcelled Hibernation        Hexes/Ice                    2
   c - Confuse                        Hexes                        3
   d - Tukima's Dance                 Hexes                        3
   e - Dazzling Spray                 Conjuration/Hexes            3
Comestibles
 d - 2 bread rations
 g - a royal jelly


   Skills:
 + Level 1.2 Fighting
 * Level 2.7 Short Blades
 + Level 3.6 Dodging
 * Level 5.3 Stealth
 + Level 3.3 Spellcasting
 + Level 4.1 Hexes


You had 3 spell levels left.
You knew the following spells:

 Your Spells              Type           Power        Failure   Level  Hunger
a - Corona                Hex            ###....      3%          1    None
b - Ensorcelled Hibernat  Hex/Ice        ##....       11%         2    ##.....
c - Confuse               Hex            ###.....     10%         3    ###....


Dungeon Overview and Level Annotations

Branches:
Dungeon (3/15)

Altars:

Annotations:
D:2 Natasha
D:3 Robin


Innate Abilities, Weirdness & Mutations

You are very small and have problems with some larger weapons.
You are too small for most types of armour.
You have supernaturally acute eyesight. (SInv)
You are a herbivore.
You cover ground extremely quickly.
You need consume almost no food.


Message History

* * * LOW HITPOINT WARNING * * *
Okay, then.
You feel better. The hobgoblin closely misses you.
The goblin hits you with a dagger.
The hobgoblin hits you but does no damage.
You fail to use your ability.
Robin hits you but does no damage. The goblin hits you but does no damage.
The hobgoblin closely misses you. x2
You hit Robin but do no damage.
Robin is heavily wounded.
The goblin hits you with a dagger.
* * * LOW HITPOINT WARNING * * *
Robin hits you but does no damage.
The hobgoblin hits you but does no damage.
It was a potion of flight.
You feel very buoyant.
You fly up into the air.
The hobgoblin barely misses you. The goblin hits you with a dagger.
* * * LOW HITPOINT WARNING * * *
Robin hits you with a falchion.
You die...

#.# ### #.###### #.)
....#..... #.#
#.#......### #.#
#.#......... #.#
#.#.#.##.... #g#
#.#.#.##.#..
#.#.##@#####.#.#.##.#..
......gggggggS....†.>#..
##.#.##g#####.#.#.......
# #gg.S...).........
#..####.#.#.......
.g...# #.#.#.##.... .
...# #.#.#......# .....
#.#.#..#.... ###
#.#.#..#...#


You could see Robin, an adder, 5 hobgoblins and 5 goblins.

Vanquished Creatures
  Crazy Yiuf (D:2)
  Terence (D:2)
  A worm (D:2)
  2 dart slugs (D:1)
  3 leopard geckos
  2 ball pythons (D:1)
  3 bats
  2 giant cockroaches (D:1)
  6 hobgoblins
  A quokka (D:2)
  4 frilled lizards
  6 goblins
  7 kobolds
  8 rats
47 creatures vanquished.

Notes
Turn   | Place    | Note
-------+----------+-------------------------------------------
     0 | D:1      | juanjsm the Spriggan Enchanter began the quest for the Orb.
     0 | D:1      | Reached XP level 1. HP: 9/9 MP: 5/5
   105 | D:1      | Reached XP level 2. HP: 13/13 MP: 2/6
   109 | D:1      | Learned a level 2 spell: Ensorcelled Hibernation
   678 | D:1      | Reached XP level 3. HP: 17/17 MP: 3/8
   683 | D:1      | Learned a level 3 spell: Confuse
   832 | D:2      | Noticed Terence
   838 | D:2      | Killed Terence
   854 | D:2      | Reached skill level 1 in Fighting
   965 | D:2      | Reached skill level 5 in Stealth
  1172 | D:2      | Noticed Natasha
  1224 | D:2      | Reached XP level 4. HP: 15/22 MP: 3/9
  1289 | D:2      | Found a runed door.
  1488 | D:2      | Noticed Crazy Yiuf
  1492 | D:2      | Killed Crazy Yiuf
  1709 | D:3      | Noticed Robin
  1743 | D:3      | Slain by Robin

Skill      XL: |  1  2  3 |
---------------+----------+-----
Spellcasting   | 3 |  3.3
Short Blades   | 2 |  2.7
Fighting       | 1 |  1.2
Stealth        | 5 |  5.3
Hexes          | 4 |  4.1
Dodging        | |  3.6

Action                   |  1- 3 |  4- 6 || total
-------------------------+-------+-------++-------
Melee: Dagger            |   123 |    26 ||   149
 Cast: Corona            |     9 |       ||     9
       Ensorcelled Hiber |    18 |    10 ||    28
       Confuse           |     5 |     1 ||     6
  Use: Potion            |       |     3 ||     3
       Scroll            |       |     1 ||     1
 Stab: Sleeping          |    22 |     9 ||    31
       Confused          |     3 |       ||     3
Armor: Robe              |     9 |     7 ||    16
Dodge: Dodged            |    85 |    38 ||   123
